 Dungeon Crawl Stone Soup version 0.29.1-2-gbd0b4ee654 (webtiles) character file.

Game seed: 8677226444205961550

32 Raikaria the Stinger (level 3, -4/25 HPs)
             Began as a Gnoll Venom Mage on Nov 9, 2022.
             Slain by a hobgoblin (6 damage)
             ... led by Robin
             ... on level 1 of the Dungeon.
             The game lasted 00:03:26 (1137 turns).

Raikaria the Stinger (Gnoll Venom Mage)             Turns: 1137, Time: 00:03:28

Health: -4/25      AC:  3    Str:  7    XL:     3   Next: 25%
Magic:  8/9        EV: 13    Int: 16    God:
Gold:   59         SH:  0    Dex: 12    Spells: 6/12 levels left

rFire   . . .      SeeInvis .   j - +0 dagger (venom)
rCold   . . .      Faith    .   (no shield)
rNeg    . . .      Spirit   .   a - +0 robe
rPois   .          Reflect  .   (no helmet)
rElec   .          Harm     .   (no cloak)
rCorr   .          Rampage  .   (no gloves)
Will    .....                   k - +0 pair of boots
Stlth   ++........              (no amulet)
HPRegen 0.08/turn               (no ring)
MPRegen 0.11/turn               (no ring)

@: no status effects
A: fangs 1, strong nose, distributed training
a: no special abilities


You were on level 1 of the Dungeon.
You visited 1 branch of the dungeon, and saw 2 of its levels.

You collected 59 gold pieces.

Inventory:

Hand Weapons
 h - a +0 short sword
 j - a +0 dagger of venom (weapon)
Armour
 a - a +0 robe (worn)
 f - a +0 kite shield
 k - a +0 pair of boots (worn)
Scrolls
 d - 2 scrolls of identify {unknown}
 i - a scroll of teleportation {unknown}
Potions
 b - a potion of magic
 c - a potion of haste {unknown}
 e - 2 potions of curing
 g - a potion of invisibility {unknown}


   Skills:
 + Level 0.7 Fighting
 + Level 0.7 Short Blades
 + Level 0.7 Long Blades
 + Level 0.7 Axes
 + Level 0.7 Maces & Flails
 + Level 0.7 Polearms
 + Level 0.7 Staves
 + Level 0.7 Ranged Weapons
 + Level 0.7 Throwing
 + Level 0.7 Armour
 + Level 4.5 Dodging
 + Level 4.1 Stealth
 + Level 0.7 Shields
 + Level 0.7 Unarmed Combat
 + Level 5.0 Spellcasting
 + Level 0.5 Conjurations
 + Level 0.5 Hexes
 + Level 0.5 Summonings
 + Level 0.5 Necromancy
 + Level 0.5 Translocations
 + Level 2.1 Transmutations
 + Level 0.5 Fire Magic
 + Level 0.5 Ice Magic
 + Level 0.5 Air Magic
 + Level 0.5 Earth Magic
 + Level 5.4 Poison Magic
 + Level 0.9 Invocations
 + Level 0.7 Evocations


You had 6 spell levels left.
You knew the following spells:

 Your Spells              Type           Power      Damage    Failure   Level
a - Sting                 Tmut/Pois      64%        1d6       3%          1
b - Poisonous Vapours     Pois/Air       26%        N/A       7%          2
c - Mephitic Cloud        Conj/Pois/Air  10%        N/A       19%         3

Your spell library contained the following spells:

 Spells                   Type           Power      Damage    Failure   Level
 Olgreb's Toxic Radiance  Pois           21%        N/A       16%         4


Dungeon Overview and Level Annotations

Branches:
Dungeon (2/15)

Altars:

Annotations:
D:2 Robin


Innate Abilities, Weirdness & Mutations

You have very sharp teeth.
Your uncanny sense of smell can sniff out nearby items.
Your experience applies equally to all skills.


Message History

The goblin barely misses you. The goblin hits you with a +0 club.
The goblin completely misses you. The goblin hits you with a +0 dagger.
Robin says, "Bow before me, strongest of all the hobgoblins!"
Robin throws the goblin at you! The goblin closely misses you.
The goblin barely misses you. The goblin hits you with a +0 club.
The goblin hits you with a +0 dagger. The goblin closely misses you.
The goblin hits you but does no damage. The goblin closely misses you.
Robin roars a battlecry!
The goblins go into a battle-frenzy!
You climb upwards.
There is a stone staircase leading down here.
The goblin misses you. x2; The goblin closely misses you.
The goblin hits you with a +0 club.
You climb downwards.
Level annotation: Robin The goblin hits you with a +0 club.
The goblin closely misses you. The hobgoblin hits you.
The hobgoblin hits you but does no damage.
Robin says, "A pitiful Gnoll like you will never find the ORB!"
The goblin misses you. The goblin hits you but does no damage.
There is a stone staircase leading up here.
The goblin hits you but does no damage. The goblin completely misses you.
The goblin barely misses you.
The goblin hits you but does no damage. x2
The kobold closely misses you. The goblin hits you with a +0 club.
* * * LOW HITPOINT WARNING * * *
The hobgoblin hits you.
* * * LOW HITPOINT WARNING * * *
You climb upwards.
The goblin completely misses you. The goblin misses you.
The goblin closely misses you. The goblin completely misses you.
There is a stone staircase leading down here.
It was a potion of curing.
You feel better. The goblin barely misses you. x2
The goblin closely misses you. The hobgoblin closely misses you.
You barely miss the goblin. The goblin closely misses you.
The goblin hits you with a +0 club.
* * * LOW HITPOINT WARNING * * *
The goblin hits you with a +0 dagger.
* * * LOW HITPOINT WARNING * * *
The hobgoblin hits you.
You die...

'.............)........'...'.##.#
#...)...##...........###...#....#
........##...........##......####
.##.##...#..)........##.####.#
##.#.###.#...).......##.# #.#
...#..)#.#...........#..# #.#
##.#.###.#....ggg....#.## #.#
.##.##...#...gggggK....#####.#
........########@gg..........#
#.......# ###############
####....# ######


You could see a hobgoblin (strong), 9 goblins and a kobold.

Vanquished Creatures
  A dart slug (D:1)
  An endoplasm (D:1)
  2 giant cockroaches (D:1)
  5 goblins (D:1)
  3 hobgoblins
  3 quokkas
  3 ball pythons (D:1)
  4 bats
  A frilled lizard (D:1)
  2 kobolds
  2 rats (D:1)
27 creatures vanquished.

Notes
Turn   | Place    | Note
-------+----------+-------------------------------------------
     0 | D:1      | Raikaria the Gnoll Venom Mage began the quest for the Orb.
     0 | D:1      | Reached XP level 1. HP: 13/13 MP: 6/6
   179 | D:1      | Reached XP level 2. HP: 19/19 MP: 5/7
   267 | D:2      | Noticed Robin
   313 | D:1      | Learned a level 2 spell: Poisonous Vapours
   682 | D:1      | Reached skill level 5 in Spellcasting
   682 | D:1      | Reached XP level 3. HP: 20/25 MP: 7/9
   691 | D:1      | Learned a level 3 spell: Mephitic Cloud
  1137 | D:1      | Slain by a hobgoblin

Illustrated notes

Levels and vault maps discovered:
D:1:      eino_arrival_water_star, layout_basic, nrook_uturn, minmay_ruptured
D:2:      layout_rooms, basic_altar, shapermc_ecumenical_altar_ellora,
          minmay_pentomino_t2, uniq_crazy_yiuf_cottage, uniq_robin

Skill      XL: |  1  2 |
---------------+-------+-----
Transmutations | 2 |  2.1
Spellcasting   | 5 |  5.0
Fighting       | |  0.7
Short Blades   | |  0.7
Long Blades    | |  0.7
Axes           | |  0.7
Maces & Flails | |  0.7
Polearms       | |  0.7
Staves         | |  0.7
Ranged Weapons | |  0.7
Throwing       | |  0.7
Armour         | |  0.7
Dodging        | |  4.5
Stealth        | |  4.1
Shields        | |  0.7
Unarmed Combat | |  0.7
Conjurations   | |  0.5
Hexes          | |  0.5
Summonings     | |  0.5
Necromancy     | |  0.5
Translocations | |  0.5
Fire Magic     | |  0.5
Ice Magic      | |  0.5
Air Magic      | |  0.5
Earth Magic    | |  0.5
Poison Magic   | |  5.4
Invocations    | |  0.9
Evocations     | |  0.7

Action                   || total
-------------------------++-------
Melee: Unarmed           ||     6
       Dagger            ||    24
       Short sword       ||     5
       Bite              ||     2
 Cast: Sting             ||    14
       Poisonous Vapours ||     2
  Use: Potion            ||     1
 Stab: Sleeping          ||     4
Armor: Robe              ||    20
Dodge: Dodged            ||    44
